 Dungeon Crawl Stone Soup version 0.30.0-10-gfe55d96785 (webtiles) character file.

Game seed: 5238504985117516572

42 ryw the Trooper (level 3, 0/30 HPs)
             Began as a Demonspawn Monk on May 15, 2023.
             Slain by Crazy Yiuf
             ... wielding a +3 quarterstaff of chaos
              (7 damage)
             ... on level 2 of the Dungeon.
             The game lasted 00:01:34 (1053 turns).

ryw the Trooper (Demonspawn Monk)                   Turns: 1053, Time: 00:01:35

Health: 0/30       AC:  3    Str: 11    XL:     3   Next: 33%
Magic:  3/3        EV: 13    Int: 13    God:
Gold:   139        SH:  0    Dex: 15    Spells: 2/2 levels left

rFire   + .          .
                       - Unarmed
rCold   + . .        c - orb {light}
rNeg    . . .        a - +0 robe
rPois   +            (no helmet)
rElec   +            (no cloak)
rCorr   +            h - +0 pair of gloves
SInv    .            (no boots)
Will    .....        (no amulet)
Stlth   +            (no ring)
HPRegen 0.25/turn    (no ring)
MPRegen 0.16/turn

%: no passive effects
@: resistant, attractive, glowing
A: magic regeneration
a: no special abilities


You were on level 2 of the Dungeon.
You visited 1 branch of the dungeon, and saw 2 of its levels.

You collected 139 gold pieces.

Inventory:

Missiles
 b - 5 poisoned darts (quivered)
 n - 5 boomerangs of dispersal
Armour
 a - a +0 robe (worn)
 c - an orb of light (worn)
 h - a +0 pair of gloves (worn)
Scrolls
 e - a scroll of identify {unknown}
 f - a scroll of amnesia {unknown}
 g - a scroll of silence {unknown}
 j - a scroll of teleportation {unknown}
 k - a scroll of vulnerability {unknown}
 l - a scroll of magic mapping {unknown}


   Skills:
 + Level 4.2 Fighting
 - Level 3.0 Dodging
 - Level 2.6 Unarmed Combat


You had 2 spell levels left.
You didn't know any spells.
Your spell library was empty.

Dungeon Overview and Level Annotations

Branches:
Dungeon (2/15)

Altars:
Qazlal

Shops:
D:1 [

Annotations:
D:2 Crazy Yiuf


Innate Abilities, Weirdness & Mutations

You regenerate magic rapidly.


Message History

You see here 5 boomerangs of dispersal.
n - 5 boomerangs of dispersal
Found a hammer.
Found a runed translucent door.
Crazy Yiuf shouts!
Crazy Yiuf flaps his cloak.
Press: ? - help, v - describe, . - travel
Here: Crazy Yiuf, wielding a +3 quarterstaff of chaos and wearing a +0 cloak (haloed, fire blocked by a runed translucent door)
The floor.
Unknown command.
Unknown command.
Unknown command.
It was a potion of attraction.
You feel attractive to monsters.
It was a potion of resistance.
You feel protected.
It was a potion of heal wounds.
You feel much better.
You open the door. You hit Crazy Yiuf but do no damage.
Crazy Yiuf hits you with a +3 quarterstaff of chaos!
Crazy Yiuf freezes you.
You hit Crazy Yiuf but do no damage. Crazy Yiuf closely misses you.
You hit Crazy Yiuf.
Crazy Yiuf is moderately wounded.
Crazy Yiuf says, "Tosser!
Mountain unthinkable sow."
Crazy Yiuf closely misses you.
You hit Crazy Yiuf but do no damage.
Crazy Yiuf is moderately wounded.
Crazy Yiuf hits you with a +3 quarterstaff of chaos!
You hit Crazy Yiuf.
Crazy Yiuf is moderately wounded.
Crazy Yiuf hits you with a +3 quarterstaff of chaos.
* * * LOW HITPOINT WARNING * * *
You hit Crazy Yiuf.
Crazy Yiuf is heavily wounded.
Crazy Yiuf hits you with a +3 quarterstaff of chaos.
* * * LOW HITPOINT WARNING * * *
You hit Crazy Yiuf.
Crazy Yiuf is severely wounded.
Crazy Yiuf hits you with a +3 quarterstaff of chaos!
You die...

.#
##....#
. .
##..##
~~
♣....♣
≈≈~
♣...♣♣
._≈.
♣♣.♣♣
♣.♣♣
♣♣.♣
♣.♣♣
♣♣@♣
#g# ...
#...#
#..)#
#####


You could see Crazy Yiuf.

Vanquished Creatures
  2 adders (D:2)
  4 ball pythons
  5 bats
  An endoplasm (D:1)
  A giant cockroach (D:1)
  3 hobgoblins
  A quokka (D:1)
  A frilled lizard (D:1)
  A kobold (D:2)
  3 rats
22 creatures vanquished.

Notes
Turn   | Place    | Note
-------+----------+-------------------------------------------
     0 | D:1      | ryw the Demonspawn Monk began the quest for the Orb.
     0 | D:1      | Reached XP level 1. HP: 18/18 MP: 1/1
   153 | D:1      | Found Nooz's Antique Armour Emporium.
   182 | D:1      | Gained mutation: You regenerate magic rapidly. [demonic
                  | ancestry]
   182 | D:1      | Reached XP level 2. HP: 18/24 MP: 2/2
   751 | D:2      | Found a stormy altar of Qazlal.
   838 | D:2      | Reached skill level 4 in Fighting
   846 | D:2      | Reached XP level 3. HP: 30/30 MP: 3/3
  1000 | D:2      | Found a faded altar of an unknown god.
  1039 | D:2      | Found a runed translucent door.
  1040 | D:2      | Noticed Crazy Yiuf
  1053 | D:2      | Slain by Crazy Yiuf

Illustrated notes

Levels and vault maps discovered:
D:1:      dpeg_chamrin_arrival_tetris, layout_basic, serial_shops, shop
D:2:      layout_loops_ring, shapermc_ecumenical_altar_starsandcircs,
          basic_altar, minmay_statues_item, uniq_crazy_yiuf_cottage

Skill      XL: |  1  2 |
---------------+-------+-----
Dodging        | 3 |  3.0
Fighting       | 4 |  4.2
Unarmed Combat | |  2.6

Action                     || total
---------------------------++-------
  Melee: Unarmed           ||    97
    Use: Potion            ||     4
 Armour: Robe              ||    17
  Dodge: Dodged            ||    83
